AoeStats
← ogipochi_

Arabia

503818616Analyzed
4v4 RM · 1mo ago on Sep 2, 2026· 25m 20s· 8 players
Game mode
Random Map
Map size
Large (8 player)
Population
200
Speed
Normal
Resources
Standard
Victory
Conquest
Starting age
Dark Age
Ending age
Imperial Age
RankedLock teamsTeams togetherTeam positionsShared explorationLock speedFull tech treeHidden civsTurbo modeCheats
Victory
Defeat
🇦🇷 Franks · Argentina
934
+15
932
+15
🇨🇳 Chinese · China
919
+15
🇨🇳 Khmer · China
893
+16
🇨🇴 Cumans · Colombia
946
-17
🇹🇼 Spanish · Taiwan
904
-20
🇨🇴 Maya · Colombia
902
-15
🇯🇵 Britons · Japan
856
-13
ogipochi_
10:53 Feudal Age
11:15 Loom
12:38 Wheelbarrow
11:51 Double-Bit Axe
11:58 Gold Mining
14:46 Horse Collar
14:58 Stone Mining
21:05 Castle Age
19:35 Fletching
alejo160000
10:16 Feudal Age
11:11 Double-Bit Axe
12:16 Horse Collar
21:32 Castle Age
20:50 Fletching
21:00 Padded Archer Armor
21:51 Crossbowman
22:50 Bodkin Arrow
23:57 Thumb Ring
Jan_Rui
11:50 Feudal Age
15:24 Loom
18:37 Double-Bit Axe
18:34 Horse Collar
22:47 Wheelbarrow
22:01 Town Watch
jingr
7:07 Loom
9:16 Feudal Age
9:45 Double-Bit Axe
11:00 Wheelbarrow
10:56 Town Watch
11:31 Horse Collar
14:19 Man-at-Arms
21:17 Castle Age
19:44 Fletching
22:30 Squires
22:32 Bodkin Arrow
22:38 Scale Mail Armor
23:44 Long Swordsman
24:41 Pikeman
喧哗的都已沙哑
4:04 Loom
8:19 Double-Bit Axe
15:47 Feudal Age
14:11 Gold Mining
17:27 Gold Shaft Mining
17:07 Bow Saw
19:27 Castle Age
19:16 Scale Barding Armor
19:22 Forging
19:44 Horse Collar
20:10 Husbandry
19:31 Cavalier
21:35 Chain Barding Armor
21:51 Iron Casting
23:35 Wheelbarrow
Eleven
4:47 Loom
13:18 Feudal Age
50359194
12:49 Feudal Age
17:21 Castle Age
15:51 Double-Bit Axe
18:01 Forging
18:25 Husbandry
21:34 Gold Mining
21:55 Bow Saw
懿哥哥
12:50 Feudal Age
17:43 Castle Age
15:37 Double-Bit Axe
16:08 Horse Collar
19:24 Stone Mining
19:28 Gold Mining
21:27 Wheelbarrow
22:20 Heavy Plow
23:08 Bow Saw
23:05 Loom
Connection lost

Rejoining the realm…

Still unreachable

The connection could not be restored.

Session expired

The server has moved on; the page needs a fresh start.